 Dungeon Crawl Stone Soup version 0.31.0-9-g3a7656b989 (console) character file.

Game seed: 14498116330853944956

748 AlterAsc the Grappler (level 7, 43/43 HPs)
             Began as an Octopode Shapeshifter on Jan 25, 2024.
             Quit the game on level 5 of the Dungeon.
             The game lasted 00:07:42 (3722 turns).

AlterAsc the Grappler (Octopode Shapeshifter)       Turns: 3722, Time: 00:07:42

Health: 43/43      AC:  1    Str: 16    XL:     7   Next: 77%
Magic:  7/7        EV: 13    Int: 12    God:
Gold:   205        SH:  0    Dex: 11    Spells: 6/6 levels left

rFire   . .          .
                       - Unarmed
rCold   . . .        (no shield)
rNeg    . . .        (helmet currently unavailable)
rPois   .            (no amulet)
rElec   .            (no ring)
rCorr   .            (no ring)
SInv    .            (no ring)
Will    .....        (no ring)
Stlth   +++          (no ring)
HPRegen 0.27/turn    (no ring)
MPRegen 0.10/turn    (no ring)
                     (no ring)

%: no passive effects
@: beast-form
A: beast (slay +1), almost no armour, amphibious, 8 rings, camouflage 2,
gelatinous body 1, (nimble swimmer 1), tentacles, inability to drink after
injury 1
a: Begin Untransformation


You were on level 5 of the Dungeon.
You were a hulking beast.
You visited 1 branch of the dungeon, and saw 5 of its levels.

You collected 205 gold pieces.

Inventory:

Missiles
 k - a boomerang (quivered)
 m - a poisoned dart
 t - 2 stones
Talismans
 b - a beast talisman
 c - a flux talisman
Wands
 j - a wand of roots (4)
Scrolls
 e - 2 scrolls of revelation {unknown}
 g - 3 scrolls of identify {unknown}
 l - 2 scrolls of teleportation {unknown}
 o - a scroll of fear {unknown}
 q - a scroll of amnesia {unknown}
 r - a scroll of noise {unknown}
 s - a scroll of fog {unknown}
 u - a scroll of poison {unknown}
Potions
 h - a potion of heal wounds {unknown}
 i - a potion of haste {unknown}
 n - a potion of ambrosia {unknown}
 p - a potion of magic {unknown}


   Skills:
 - Level 1.0 Fighting
 - Level 2.0 Dodging
 + Level 8.9 Unarmed Combat
 - Level 3.0 Shapeshifting


You had 6 spell levels left.
You didn't know any spells.
Your spell library contained the following spells:

 Spells                   Type           Power      Damage    Failure   Level
 Sublimation of Blood     Necr           0%         N/A       45%         2
 Ignite Poison            Fire/Alch      0%         N/A       97%         4
 Petrify                  Alch/Erth      0%         N/A       97%         4
 Sticky Flame             Fire/Alch      0%         2d4       97%         4
 Irradiate                Conj/Alch      0%         3d11      100%        5
 Ignition                 Fire           0%         3d3       100%        8


Dungeon Overview and Level Annotations

Branches:
Dungeon (5/15)
 Temple: D:4-7

Altars:
Cheibriados
Fedhas
Makhleb
Ru
Trog
Zin

Shops:
D:3 *

Annotations:
D:3 exclusion: oklob plant


Innate Abilities, Weirdness & Mutations

You are a hulking beast.
Your limbs bulge with bestial killing power. (Slay +1)
You cannot wear most types of armour.
You are amphibious.
You can wear up to eight rings at the same time.
Your skin blends seamlessly with your surroundings (Stealth++).
Your rubbery body absorbs attacks. (AC +1, EV +1)
((You are camouflaged when in or above water. (Stealth+)))
You have tentacles for arms and can constrict up to eight enemies at once.
You occasionally lose the ability to drink potions when taking damage.


Message History

The wight is moderately damaged.
You constrict the wight, but do no damage.
The wight hits you with a +0 dire flail!
* * * LOW HITPOINT WARNING * * *
Okay, then.
Okay, then.
Really quaff the potion of lignification?
Your transformation has ended.
You turn into a tree.
Your roots penetrate the ground.
You lose your grip on the wight.
The wight hits you but does no damage.
It was a potion of mutation.
You feel extremely strange.
You occasionally lose the ability to drink potions when taking damage.
Your natural camouflage becomes more effective.
The wight hits you but does no damage.
It was a potion of curing.
You feel better. The wight hits you but does no damage.
You smack the wight!
You destroy the wight!
Your life force feels restored.
You cannot move.
You start resting.
Your transformation is almost over.
You feel less wooden.
You turn into a hulking beast.
You now have 197 gold pieces (gained 10).
Items here: )))) [[[[.
Okay, then.
HP restored.
Found a stone staircase leading down.
Found a pair of boots.
You now have 205 gold pieces (gained 8).
As you open the door, it creaks loudly!
There is an open door here.
You open the door.
There is an open door here.
You open the door.
There is an open door here.
An adder comes into view.
An adder is nearby!
An adder is nearby!
Are you sure you want to abandon this character and quit the game? (Confirm with "yes".)

#...# #...# #...#
..S
.#.######...##
...
.......<'...'.
..#
.#.######...##
#.# .# #...+. ...
#.# #...##
#######.####.#
#...#
+............##
#...## #h##....#
##+### #.##....#
#.### #..'....#
#.#.. ####....#
#...# #....#
#.... ###'##
#..## #.# #.#..
#.# #.#.# ###'###
##.#.# #.....##
#..#.#
..#.##..#.##..#.#


You could see an adder (asleep).

Vanquished Creatures
  A water moccasin (D:4)
  2 ogres
  4 wights (D:5)
  2 hounds (D:4)
  2 bombardier beetles
  Ijyb (D:3)
  5 adders
  4 dart slugs
  5 ball pythons
  3 endoplasms
  2 giant cockroaches
  10 goblins
  4 hobgoblins
  7 kobolds
  3 quokkas
  7 bats
  5 frilled lizards
  4 rats
71 creatures vanquished.

Notes
Turn   | Place    | Note
-------+----------+-------------------------------------------
     0 | D:1      | AlterAsc the Octopode Shapeshifter began the quest for the
                  | Orb.
     0 | D:1      | Reached XP level 1. HP: 13/13 MP: 1/1
    43 | D:1      | You fall into a shaft and drop 1 floor!
   168 | D:2      | Found a faded altar of an unknown god.
   199 | D:2      | Reached XP level 2. HP: 18/18 MP: 2/2
   334 | D:2      | Reached skill level 4 in Unarmed Combat
   409 | D:1      | Reached XP level 3. HP: 23/23 MP: 3/3
  1458 | D:3      | Reached XP level 4. HP: 28/28 MP: 4/4
  1525 | D:3      | Found a burning altar of Makhleb.
  1627 | D:3      | Reached skill level 5 in Unarmed Combat
  1833 | D:3      | Found Kuentyxu's General Store.
  1835 | D:3      | Found a bloodstained altar of Trog.
  2128 | D:3      | Found a blossoming altar of Fedhas.
  2128 | D:3      | Noticed Ijyb
  2174 | D:3      | Killed Ijyb
  2208 | D:3      | Noticed an oklob plant
  2314 | D:4      | Reached XP level 5. HP: 33/33 MP: 5/5
  2345 | D:4      | Found a glowing silver altar of Zin.
  2370 | D:4      | Found a sacrificial altar of Ru.
  2399 | D:4      | Noticed a water moccasin
  2416 | D:4      | Killed a water moccasin
  2417 | D:4      | Reached skill level 6 in Unarmed Combat
  2417 | D:4      | Reached XP level 6. HP: 21/38 MP: 6/6
  2679 | D:4      | Reached skill level 7 in Unarmed Combat
  2817 | D:4      | Found a snail-covered altar of Cheibriados.
  3210 | D:5      | Entered Level 5 of the Dungeon
  3254 | D:5      | Reached skill level 8 in Unarmed Combat
  3254 | D:5      | Reached XP level 7. HP: 43/43 MP: 7/7
  3493 | D:5      | HP: 1/41 [wight/+0 dire flail (17)]
  3495 | D:5      | Gained mutation: You occasionally lose the ability to drink
                  | potions when taking damage. [potion of mutation]
  3495 | D:5      | Gained mutation: Your skin blends seamlessly with your
                  | surroundings (Stealth++). [potion of mutation]
  3722 | D:5      | Quit the game

Illustrated notes

Levels and vault maps discovered:
D:1:      psy_arrival_fountain, layout_rooms, minmay_misc_feat_five,
          chequers_serial_rivers_room_b
D:2:      layout_basic, chequers_ecumenical_altar_island, serial_park_tiny_1
D:3:      layout_basic, mainiacjoe_overflow_tiny_flanked,
          lightli_temple_of_fire, tgw_fedhas, serial_shops, shop,
          dreamdust_princess_corridor, minmay_misc_feat_nine_boxes,
          minmay_misc_feat_pillars, uniq_ijyb
D:4:      layout_cave_pods, slow_altar_2, mainiacjoe_overflow_alcove_2,
          zin_statuary, minmay_curled_crystal
D:5:      layout_basic, nicolae_kikubaaqudgha_miasma_corner,
          gammafunk_ghost_split, nicolae_eternal_life

Skill      XL: |  1  2  3  4  5  6 |
---------------+-------------------+-----
Unarmed Combat | 4 5 6 8 |  8.9
Fighting       | |  1.0
Dodging        | |  2.0
Shapeshifting  | |  3.0

Action                     |  1- 3 |  4- 6 |  7- 9 || total
---------------------------+-------+-------+-------++-------
  Melee: Unarmed           |    66 |    52 |    25 ||   143
         Constrict         |    15 |    12 |     4 ||    31
         Tentacles         |    11 |     8 |     4 ||    23
         Punch             |     1 |     4 |     4 ||     9
  Throw: Boomerang         |       |    31 |     2 ||    33
         Stone             |       |    16 |       ||    16
         Dart              |       |     2 |       ||     2
    Use: Potion            |       |       |     3 ||     3
   Stab: Sleeping          |     4 |     7 |       ||    11
 Armour: Skin              |    23 |    15 |    10 ||    48
  Dodge: Dodged            |    19 |    30 |     9 ||    58
